 Dungeon Crawl Stone Soup version 0.29-a0-887-gcbe080d7e0 (webtiles) character file.

Game seed: 16444814061743371913

1262 spiderkeys the Destroyer (level 8, 0/46 HPs)
             Began as an Octopode Conjurer on July 21, 2022.
             Was an Initiate of Gozag.
             Slain by a centaur (1 damage)
             ... on level 6 of the Dungeon.
             The game lasted 00:08:57 (8038 turns).

spiderkeys the Destroyer (Octopode Conjurer)        Turns: 8038, Time: 00:08:58

Health: 0/46       AC:  1    Str:  7    XL:     8   Next: 52%
Magic:  15/18      EV: 13    Int: 22    God:    Gozag
Gold:   362        SH:  0    Dex: 10    Spells: 9/20 levels left

rFire   + . .      SeeInvis .   q - +2 flail (protect)
rCold   . . .      Faith    .   (no shield)
rNeg    . . .      Spirit   .   (helmet restricted)
rPois   .          Reflect  .   (no amulet)
rElec   .          Harm     .   F - ring of protection from fire
rCorr   .          Rampage  .   (no ring)
Will    .....                   (no ring)
Stlth   +++.......              (no ring)
HPRegen 0.15/turn               (no ring)
MPRegen 0.16/turn               (no ring)
                                (no ring)
                                (no ring)

@: no status effects
A: almost no armour, amphibious, 8 rings, camouflage 1, gelatinous body 1,
(nimble swimmer 1), tentacles
a: Renounce Religion, Potion Petition, Call Merchant, Bribe Branch


You were on level 6 of the Dungeon.
You worshipped Gozag.
Gozag was aware of your devotion.
You visited 1 branch of the dungeon, and saw 6 of its levels.
You also visited: Sewer.

You collected 445 gold pieces.
You paid 83 gold pieces to Gozag.


Innate Abilities, Weirdness & Mutations

You cannot wear most types of armour.
You are amphibious.
You can wear up to eight rings at the same time.
Your skin changes colour to match your surroundings (Stealth+).
Your rubbery body absorbs attacks. (AC +1, EV +1)
((You are camouflaged when in or above water. (Stealth+)))
You have tentacles for arms and can constrict up to eight enemies at once.


   Skills:
 - Level 2.0 Dodging
 - Level 2.6 Stealth
 + Level 6.7 Spellcasting
 + Level 8.2 Conjurations


You had 9 spell levels left.
You knew the following spells:

 Your Spells              Type           Power      Damage    Failure   Level
f - Fulminant Prism       Conj/Hex       12%        3d9       16%         4
i - Iskenderun's Mystic   Conj/Tloc      25%        2d7       16%         4
m - Magic Dart            Conj           100%       1d8       1%          1
s - Searing Ray           Conj           86%        2d7       1%          2

Your spell library contained the following spells:

 Spells                   Type           Power      Damage    Failure   Level
 Foxfire                  Conj/Fire      100%       2x1d9     1%          1
 Conjure Flame            Conj/Fire      25%        6-21      4%          3
 Dazzling Flash           Conj/Hex       50%        N/A       4%          3
 Flame Wave               Conj/Fire      25%        2d7       16%         4
 Inner Flame              Hex/Fire       7%         N/A       26%         3
 Borgnjor's Revivificati  Necr           3%         N/A       100%        8
 Necromutation            Tmut/Necr      3%         N/A       100%        8
 Death's Door             Necr           3%         N/A       100%        9

Inventory:

Hand Weapons
 j - a +0 hand axe of draining
   (You took it off an orc on level 3 of the Dungeon)
 q - a +2 flail of protection (weapon)
   (You took it off an orc on level 4 of the Dungeon)
Missiles
 b - 58 stones
 r - 6 poisoned darts
Jewellery
 F - a ring of protection from fire (left tentacle)
   (You found it on level 6 of the Dungeon)
 T - an amulet of faith {!P}
   (You found it on level 2 of the Dungeon)
Wands
 t - a wand of flame (12)
   (You took it off Grinder on level 4 of the Dungeon)
 w - a wand of charming (7)
   (You found it on level 5 of the Dungeon)
Scrolls
 e - a scroll of blinking {!r}
 f - a scroll of poison {!r}
 h - 3 scrolls of noise {!r}
 l - 2 scrolls of butterflies
 o - a scroll of fear
 s - 2 scrolls of amnesia
 v - a scroll of enchant armour
 x - a scroll of torment {!r}
 y - a scroll of enchant weapon
Potions
 a - 2 potions of magic
 c - a potion of mutation {unknown}
 d - 2 potions of heal wounds {unknown}
 g - 2 potions of berserk rage {!q}
 i - a potion of brilliance {unknown}
 k - 2 potions of might {unknown}
 m - 6 potions of curing {unknown}
 n - 2 potions of haste {unknown}
 p - 2 potions of lignification {unknown}
 u - a potion of flight {unknown}

Dungeon Overview and Level Annotations

Branches:
Dungeon (6/15) Zot: 25984  Temple (0/1) D:6           Sewer (visited)

Altars:
Cheibriados
Dithmenos
Elyvilon
Gozag
Wu Jian

Annotations:
D:3 2 transporters, 1 runed translucent door, Crazy Yiuf; purpskrrrp's ghost, novice SpEn

.......# ######.# #######
#.###### #...... #......# #.#####
###########.# #.# ........# #.#
#.# .######.# #.##### #.# .# #.#
#.....##### #.# .## #.#
###...@c..# #.# ..# #.#
#.........# #.# #.# #.#
#.#.......# #.# #+#####.#
#.######### #.#
........###.###### #.#####
....######.......##########......
...>........^....................
....######)......###############.
###.# ##.########### #.


You could see a centaur.


Message History

The iguana hisses angrily. 😎 MP[-1]
You lost 1 mp, and now have 17/18 mp.
The magic dart hits the iguana but does no damage. 😎 MP[-1]
You lost 1 mp, and now have 16/18 mp.
The magic dart hits the iguana. 😎 MP[-1]
You lost 1 mp, and now have 15/18 mp.
The magic dart hits the iguana but does no damage. 😎 MP[-1]
You lost 1 mp, and now have 14/18 mp.
Casting: Magic Dart (safe; 1% risk of failure)
Confirm with . or Enter, or press ? or * to list all spells.
Aiming: Searing Ray (safe; 1% risk of failure)
Press: ? - help, Shift-Dir - straight line, f/p - iguana
Aim: an iguana (heavily wounded, 84% to hit)
The searing ray hits the iguana!
You kill the iguana! (Press . to maintain the ray.) 😎 MP[-2]
You lost 2 mp, and now have 12/18 mp.
Key pressed, stopping explore.
You now have 340 gold pieces (gained 7).
F - a ring of protection from fire 😎 MP[+6]
Your mp is fully restored (18).
You now have 357 gold pieces (gained 17).
Key pressed, stopping explore.
You see here a +0 trident.
You see here a +0 club.
Found a stone staircase leading down.
Unknown command.
F - a ring of protection from fire (left tentacle)
There is a stone staircase leading down here.
b - 58 stones (gained 4) Key pressed, stopping explore.
An adder comes into view.
The magic dart hits the adder.
The adder hisses angrily. 😎 MP[-1]
You lost 1 mp, and now have 17/18 mp.
The magic dart hits the adder! 😎 MP[-1]
You lost 1 mp, and now have 16/18 mp.
The magic dart hits the adder.
You kill the adder! 😎 MP[-1]
You lost 1 mp, and now have 15/18 mp.
You can't see any susceptible monsters within range! (Use Z to cast anyway.)
You now have 362 gold pieces (gained 5).
You open the door.
There is an open door here.
m - 6 lumpy ruby potions (gained 2) Key pressed, stopping explore.
There is an open door here. 😎 MP[+3]
Your mp is fully restored (18).
The centaur shouts!
The centaur wields a +0 shortbow.
The centaur shoots an arrow.
The arrow hits you! 😮 HP[-12]
You take 12 damage, and now have 34/46 hp.
MASSIVE DAMAGE!! (PAUSE)
The centaur shoots an arrow.
The arrow barely misses you.
The centaur shoots an arrow.
The arrow hits you. 😮 HP[-1]
You take 1 damage, and now have 33/46 hp.
The centaur shoots an arrow.
The arrow hits you!
* * * LOW HITPOINT WARNING * * *
😨 HP[-14]
You take 14 damage, and now have 19/46 hp.
MASSIVE DAMAGE!! (PAUSE)
The centaur shoots an arrow.
The arrow hits you!
* * * LOW HITPOINT WARNING * * *
The centaur shoots an arrow.
The arrow closely misses you. 😨 HP[-7]
You take 7 damage, and now have 12/46 hp.
Casting: Magic Dart (safe; 1% risk of failure)
Confirm with . or Enter, or press ? or * to list all spells.
Aiming: Searing Ray (safe; 1% risk of failure)
Press: ? - help, Shift-Dir - straight line, f - centaur
Aim: a centaur, wielding a +0 shortbow (89% to hit)
The searing ray hits the centaur. (Press . to maintain the ray.)
The centaur unwields a +0 shortbow.
The centaur hits you.
* * * LOW HITPOINT WARNING * * *
The centaur kicks you.
* * * LOW HITPOINT WARNING * * *
😱 HP[-4] MP[-2]
You take 4 damage, and now have 8/46 hp.
You lost 2 mp, and now have 16/18 mp.
The searing ray hits the centaur.
The centaur barely misses you. The centaur kicks you.
* * * LOW HITPOINT WARNING * * *
The centaur hits you.
* * * LOW HITPOINT WARNING * * *
The centaur kicks you.
You die...
Your body crumbles into a pile of gold.

Skill      XL: |  1  2  3  4  5  6  7  8 |
---------------+-------------------------+-----
Spellcasting   | 3 4 5 6 |  6.7
Conjurations   | 5 6 7 8 |  8.2
Dodging        | |  2.0
Stealth        | |  2.6

Action                   |  1- 3 |  4- 6 |  7- 9 || total
-------------------------+-------+-------+-------++-------
Melee: Unarmed           |     4 |     6 |       ||    10
       Tentacles         |     3 |     2 |       ||     5
       Constrict         |     1 |     6 |       ||     7
       Hand axe          |       |    13 |       ||    13
       Flail             |       |     1 |       ||     1
 Cast: Magic Dart        |    34 |   125 |    96 ||   255
       Searing Ray       |     4 |    11 |    18 ||    33
  Use: Scroll            |       |       |    10 ||    10
Armor: Skin              |     2 |     3 |     1 ||     6
Dodge: Dodged            |     6 |    27 |     7 ||    40

Levels and vault maps discovered:
D:1:      dpeg_arrival_long_road, layout_basic
D:2:      layout_basic, grunt_ministairs_15, minivault_24,
          hangedman_decor_clover_reticule, chequers_serial_rivers_micro_e,
          uniq_robin
D:3:      layout_basic, mainiacjoe_overflow_divided_tiny,
          shapermc_ecumenical_altar_hornbeckon, portal_sewer_entry_b,
          gammafunk_ghost_smash, uniq_crazy_yiuf_cottage
D:4:      layout_basic, pf_just_have_faith, uniq_grinder
D:5:      layout_loops_cross, grunt_gozag_statues, dk_noncrumbling_4
D:6:      layout_basic, mainiacjoe_overflow_boulevard, temple_statues

Notes
Turn   | Place    | Note
-------+----------+-------------------------------------------
     0 | D:1      | spiderkeys the Octopode Conjurer began the quest for the
                  | Orb.
     0 | D:1      | Reached XP level 1. HP: 11/11 MP: 3/3
     0 | D:1      | magus.rc [v1.11.3]
   420 | D:1      | Reached XP level 2. HP: 17/17 MP: 3/5
   564 | D:1      | Learned a level 2 spell: Searing Ray
   752 | D:1      | You pick up a book of Flames and begin reading...
   752 | D:1      | You add the spells Foxfire, Conjure Flame, Inner Flame and
                  | Flame Wave to your library.
  1149 | D:2      | Reached XP level 3. HP: 21/21 MP: 0/7
  1500 | D:2      | Reached skill level 3 in Spellcasting
  1545 | D:2      | Reached XP level 4. HP: 27/27 MP: 0/8
  1629 | D:2      | Noticed Robin
  1754 | D:2      | Killed Robin
  1755 | D:2      | Reached skill level 5 in Conjurations
  2290 | D:2      | You pick up a book of Flames and begin reading...
  2491 | D:2      | Reached XP level 5. HP: 31/31 MP: 8/10
  2630 | D:3      | Found a glowing drain.
  2728 | Sewer    | Entered a sewer
  2846 | Sewer    | Noticed a water moccasin
  2854 | Sewer    | Killed a water moccasin
  2855 | Sewer    | Reached skill level 4 in Spellcasting
  2855 | Sewer    | Reached XP level 6. HP: 23/36 MP: 0/12
  3135 | D:3      | Found a transporter.
  3136 | D:3      | Noticed purpskrrrp's ghost (novice SpEn)
  3282 | D:3      | Found an ornate altar of the Wu Jian Council.
  3283 | D:3      | Found a snail-covered altar of Cheibriados.
  3289 | D:3      | Found a transporter.
  3328 | D:3      | Reached skill level 6 in Conjurations
  3337 | D:3      | HP: 6/36 [orc/+0 mace (7)]
  3441 | D:3      | HP: 7/36 [orc priest/divine providence (11)]
  3879 | D:3      | Found a faded altar of an unknown god.
  4425 | D:3      | Found a runed translucent door.
  4426 | D:3      | Noticed Crazy Yiuf
  4624 | D:4      | Found a white marble altar of Elyvilon.
  4761 | D:4      | Reached XP level 7. HP: 38/41 MP: 7/14
  5037 | D:4      | Reached skill level 5 in Spellcasting
  5436 | D:4      | Noticed Grinder
  5445 | D:4      | Killed Grinder
  5446 | D:4      | Reached skill level 7 in Conjurations
  5711 | D:5      | Entered Level 5 of the Dungeon
  5899 | D:5      | You add the spells Borgnjor's Revivification, Necromutation
                  | and Death's Door to your library.
  5948 | D:5      | Found an opulent altar of Gozag.
  6014 | D:5      | Became a worshipper of Gozag Ym Sagoz the Greedy
  6206 | D:5      | You pick up a book of Conjurations and begin reading...
  6365 | D:5      | Reached XP level 8. HP: 46/46 MP: 10/16
  6471 | D:5      | Reached skill level 6 in Spellcasting
  7035 | D:6      | Found a staircase to the Ecumenical Temple.
  7105 | D:6      | Found a shadowy altar of Dithmenos.
  7413 | D:6      | Reached skill level 8 in Conjurations
  7479 | D:6      | Learned a level 4 spell: Fulminant Prism
  7484 | D:6      | Learned a level 4 spell: Iskenderun's Mystic Blast
  8037 | D:6      | HP: 10/46 [centaur (3)]
  8038 | D:6      | HP: 1/46 [centaur (4)]
  8038 | D:6      | Slain by a centaur

Vanquished Creatures
  Grinder (D:4)
  A water moccasin (Sewer)
  An ogre (D:5)
  A phantom (D:5)
  A bullfrog (D:6)
  2 orc priests
  4 hounds
  4 orc wizards
  6 iguanas
  Robin (D:2)
  4 gnolls (D:2)
  9 adders
  A river rat (D:3)
  2 shadow imps (D:6)
  A white imp (D:5)
  2 ufetubi (D:5)
  5 worms
  2 dart slugs
  20 orcs
  5 ball pythons
  12 bats
  7 endoplasms
  4 giant cockroaches
  9 goblins
  8 hobgoblins
  3 quokkas
  4 frilled lizards
  4 kobolds
  5 rats
129 creatures vanquished.

Vanquished Creatures (others)
  2 plants (D:3)
2 creatures vanquished.

Grand Total: 131 creatures vanquished

Table legend:
 A = Non-vault XP
 B = Vault XP
 C = Vault XP percentage of total XP
 D = Non-vault monster count
 E = Vault monster count
 F = Vault count percentage of total count
                 A         B        C        D         E       F
            +---------+---------+-------+---------+---------+-------
      Total |    1291 |     512 |  28.4 |     100 |      29 |  22.5
            +---------+---------+-------+---------+---------+-------
        D:1 |      23 |       0 |   0.0 |      12 |       0 |   0.0
        D:2 |      93 |      50 |  35.0 |      18 |      14 |  43.8
        D:3 |     201 |      23 |  10.3 |      24 |       6 |  20.0
        D:4 |     253 |     281 |  52.6 |      21 |       1 |   4.5
        D:5 |     398 |       0 |   0.0 |      13 |       0 |   0.0
        D:6 |     323 |       0 |   0.0 |      12 |       0 |   0.0
      Sewer |       0 |     158 | 100.0 |       0 |       8 | 100.0
            +---------+---------+-------+---------+---------+-------

Illustrated notes

Table legend:
 A = Kills in this place as a percentage of kills in entire the game.
 B = Kills by you in this place as a percentage of kills by you in the entire game.
 C = Kills by friends in this place as a percentage of kills by friends in the entire game.
 D = Other kills in this place as a percentage of other kills in the entire game.
 E = Experience gained in this place as a percentage of experience gained in the entire game.
 F = Experience gained in this place divided by the number of levels of this place that you have seen.
                   A       B       C       D       E      F
               +-------+-------+-------+-------+-------+----------------------
         Total | 100.0 | 100.0 |   N/A |   N/A | 100.0 | 257.6
       Dungeon |  93.8 |  93.8 |   N/A |   N/A |  91.2 | 274.2
         Sewer |   6.2 |   6.2 |   N/A |   N/A |   8.8 | 158.0
               +-------+-------+-------+-------+-------+----------------------

Table legend: (Time is in decaauts)
 A = Elapsed time spent in this place.
 B = Non-inter-level travel time spent in this place.
 C = Inter-level travel time spent in this place.
 D = Time resting spent in this place.
 E = Time spent auto-exploring this place.
 F = Levels seen in this place.
 G = Mean time per level.
                   A        B        C        D        E       F      G
               +--------+--------+--------+--------+--------+-----+--------+
         Total |   8038 |   7920 |    118 |    331 |   6824 |   7 | 1148.3 |
       Dungeon |   7761 |   7643 |    118 |    331 |   6576 |   6 | 1293.5 |
         Sewer |    277 |    277 |      0 |      0 |    248 |   1 |  277.0 |
               +--------+--------+--------+--------+--------+-----+--------+

Top non-repeatable levels by time:
     D:3: 1655 daAuts
     D:2: 1453 daAuts
     D:5: 1311 daAuts
     D:4: 1248 daAuts
     D:1: 1078 daAuts
     D:6: 1014 daAuts
   Sewer: 277 daAuts
